 Dungeon Crawl Stone Soup version 0.29-a0-1052-g6990b1bffc (webtiles) character file.

Game seed: 13175901897075429629

36596 nicolae the Frost Mage (level 14, 0/108 HPs)
             Began as a Human Ice Elementalist on Aug 18, 2022.
             Was an Elder of Vehumet.
             Slain by a death yak (16 damage)
             ... on level 2 of the Lair of Beasts.
             The game lasted 00:54:48 (19427 turns).

nicolae the Frost Mage (Human Ice Elementalist)    Turns: 19427, Time: 00:54:49

Health: 0/108      AC: 14    Str:  8    XL:     14   Next: 24%
Magic:  8/26       EV: 20    Int: 20    God:    Vehumet [****..]
Gold:   918        SH:  0    Dex: 17    Spells: 5/29 levels left

rFire   . . .      SeeInvis .   b - +1 demon whip (venom)
rCold   . . .      Faith    .   (no shield)
rNeg    . . .      Spirit   .   G - +4 troll leather armour {Snorg}
rPois   +          Reflect  .   x - +2 helmet
rElec   .          Harm     .   j - scarf {repulsion}
rCorr   .          Rampage  .   f - +1 pair of gloves
Will    +....                   c - +0 pair of boots
Stlth   ++........              (no amulet)
HPRegen 1.08/turn               q - ring of poison resistance
MPRegen 0.20/turn               n - +4 ring of evasion

@: repel missiles, unable to drink
A: agile 1, inability to drink after injury 1
a: Renounce Religion


You were on level 2 of the Lair of Beasts.
You worshipped Vehumet.
Vehumet was greatly pleased with you.
You visited 3 branches of the dungeon, and saw 15 of its levels.

You collected 918 gold pieces.

Inventory:

Hand Weapons
 a - a +3 trident of protection
 b - a +1 demon whip of venom (weapon)
 M - a +0 quarterstaff of freezing
Missiles
 e - 43 poisoned darts
 H - a curare-tipped dart
Armour
 c - a +0 pair of boots (worn)
 f - a +1 pair of gloves (worn)
 j - a scarf of repulsion (worn)
 t - a +0 hat of stealth
 x - a +2 helmet (worn)
 G - a +4 troll leather armour (worn) {Snorg}
 L - a +2 robe of cold resistance
Jewellery
 n - a +4 ring of evasion (right hand)
 q - a ring of poison resistance (left hand)
 s - a ring of fire
 F - a ring of flight
 J - a ring of ice
Wands
 k - a wand of roots (14)
 O - a wand of paralysis (5)
Scrolls
 h - 3 scrolls of silence
 l - a scroll of immolation
 m - 4 scrolls of teleportation
 o - a scroll of poison
 v - a scroll of acquirement {unknown}
 w - 3 scrolls of amnesia
 y - a scroll of brand weapon {unknown}
 B - a scroll of summoning {unknown}
 D - a scroll of vulnerability
 E - 2 scrolls of fear
 I - a scroll of butterflies {unknown}
 N - a scroll of torment {unknown}
Potions
 d - a potion of ambrosia
 g - 2 potions of might
 i - 3 potions of cancellation
 p - 2 potions of flight
 r - a potion of berserk rage
 u - 5 potions of curing
 z - 6 potions of brilliance
 A - 3 potions of invisibility
 C - 2 potions of haste
 K - 2 potions of heal wounds


   Skills:
 + Level 9.0 Fighting
 + Level 1.3 Maces & Flails
 + Level 9.0 Dodging
 - Level 2.0 Stealth
 - Level 8.0 Spellcasting
 - Level 10.0 Conjurations
 - Level 7.0 Necromancy
 - Level 5.0 Translocations
 - Level 12.4 Ice Magic
 - Level 5.0 Earth Magic
 + Level 5.7 Evocations


You had 5 spell levels left.
You knew the following spells:

 Your Spells              Type           Power      Damage    Failure   Level
a - Freeze                Ice            100%       1d11      1%          1
b - Frozen Ramparts       Ice            100%       1d16      1%          3
c - Ozocubu's Armour      Ice            55%        N/A       1%          3
d - Hailstorm             Conj/Ice       52%        3d12      1%          4
e - Dispel Undead         Necr           36%        3d15      7%          4
f - Iskenderun's Mystic   Conj/Tloc      38%        2d9       1%          4
g - Stone Arrow           Conj/Erth      76%        3d11      1%          3
h - Blink                 Tloc           56%        N/A       2%          2

Your spell library contained the following spells:

 Spells                   Type           Power      Damage    Failure   Level
 Flame Wave               Conj/Fire      28%        2d9       4%          4
 Apportation              Tloc           56%        N/A       1%          1
 Shock                    Conj/Air       100%       1d9       1%          1
 Dazzling Flash           Conj/Hex       56%        N/A       1%          3
 Lesser Beckoning         Tloc           28%        N/A       4%          3
 Lee's Rapid Deconstruct  Erth           14%        3d10*     12%         5
 Agony                    Necr           36%        N/A       19%         5
 Metabolic Englaciation   Hex/Ice        16%        N/A       26%         5
 Leda's Liquefaction      Hex/Erth       9%         N/A       41%         4
 Petrify                  Tmut/Erth      18%        N/A       41%         4
 Manifold Assault         Tloc           28%        N/A       41%         5
 Corpse Rot               Necr/Pois/Air  17%        N/A       43%         4
 Alistair's Intoxication  Tmut/Pois      5%         N/A       98%         5
 Silence                  Hex/Air        4%         N/A       98%         5
 Starburst                Conj/Fire      14%        6d6       50%         6
 Death Channel            Necr           18%        N/A       71%         6
 Statue Form              Tmut/Erth      12%        N/A       100%        6
 Malign Gateway           Summ/Tloc      9%         N/A       100%        7
 Summon Horrible Things   Summ           4%         N/A       100%        8


Dungeon Overview and Level Annotations

Branches:
Dungeon (11/15)            Temple (1/1) D:7            Lair (3/5) D:9
 Shoals (0/4) Lair:3       Spider (0/4) Lair:2          Orc (0/2) D:9

Altars:
Ashenzari
Cheibriados
Dithmenos
Elyvilon
Fedhas
Gozag
Hepliaklqana
Kikubaaqudgha
Makhleb
Nemelex Xobeh
Okawaru
Qazlal
Ru
Sif Muna
Trog
Uskayaw
Vehumet
Wu Jian
Xom
Yredelemnul
Zin
The Shining One

Shops:
D:3 =


Innate Abilities, Weirdness & Mutations

You are agile. (Dex +4, Str/Int -1)
You occasionally lose the ability to drink potions when taking damage.


Message History

The death yak is heavily wounded.
The death yak completely misses you. The blink frog completely misses you.
You hit the death yak but do no damage.
The death yak is heavily wounded.
The blink frog completely misses you. The death yak gores you!
The blink frog blinks!
The death yak attacks as you move away! The death yak misses you.
The death yak attacks as you move away! The death yak gores you.
The blink frog blinks! x2
You barely miss the death yak.
The death yak is heavily wounded.
The death yak barely misses you.
You hit the death yak but do no damage.
The death yak looks as sick as possible!
The death yak is heavily wounded.
The death yak gores you.
You hit the death yak but do no damage.
The death yak looks as sick as possible!
The death yak is severely wounded.
The death yak completely misses you.
You whack the blink frog!
The blink frog looks as sick as possible!
The blink frog is almost dead.
You kill the blink frog!
Vehumet accepts your kill.
You feel your power returning. The death yak gores you!
You feel threatened and lose the ability to drink potions!
You completely miss the death yak.
The death yak is severely wounded.
The death yak barely misses you.
You barely miss the death yak.
The death yak is severely wounded.
The death yak gores you!!
* * * LOW HITPOINT WARNING * * *
You whack the death yak!
The death yak looks as sick as possible!
You punch the death yak, but do no damage.
The death yak is almost dead.
The death yak gores you!
You die...

#..#.##.#####....#.##.##.##.###
#..............................
#..............................
#....###.###########...###.#.#P
#..### ### #####..# ######
#....## #######.###..#####
#..#..#####...##.#..#...#..####
#..............†...............
###.............@Y...............
#....#.#...##.###....÷###..#...##
#....................>÷..........
##P..................÷÷..........
####...####.####.##.######.##.#.
##### ### ###### #######


You could see a death yak (extremely poisoned).

Vanquished Creatures
  Gastronok (Lair:1)
  Snorg (D:10)
  A boulder beetle (D:11)
  3 hydras
  Fannar (D:10)
  2 two-headed ogres
  A death yak (Lair:3)
  Amaemon (D:8)
  A cyclops (D:11)
  4 elephants (Lair:3)
  An orange demon (D:8)
  Maggie (D:8)
  13 cane toads
  An unseen horror (D:10)
  5 komodo dragons
  3 kobold demonologists (D:10)
  2 polar bears
  3 trolls
  A hornet (D:8)
  13 blink frogs
  A culicivora (Lair:2)
  A shadow (D:11)
  A vampire (D:11)
  3 wyverns
  A water elemental (D:11)
  28 yaks
  Eustachio (D:5)
  A steam dragon (Lair:2)
  Menkaure (D:4)
  An acid dragon (D:10)
  5 water moccasins
  3 orc warriors
  2 ice beasts (D:7)
  4 black bears
  An ogre (D:5)
  40 wolves
  6 centaurs
  A phantom (D:5)
  Blork the orc (D:4)
  4 kobold brigands
  6 bullfrogs
  A necrophage (D:7)
  A gnoll sergeant (D:7)
  3 scorpions
  6 wights
  10 killer bees
  4 howler monkeys
  9 electric eels
  4 hounds
  An orc priest (D:3)
  Ijyb (D:5)
  Jessica (D:2)
  Terence (D:2)
  4 iguanas
  11 orc wizards
  Natasha (thrice) (D:2)
  3 gnolls (D:7)
  7 adders
  A shadow imp (D:5)
  A white imp (D:8)
  2 ufetubi
  2 worms
  7 dart slugs
  35 orcs
  A ball python (D:3)
  4 bats
  3 endoplasms
  3 giant cockroaches
  6 goblins
  11 hobgoblins
  3 quokkas
  A frilled lizard (D:3)
  28 kobolds
  4 rats
353 creatures vanquished.

Vanquished Creatures (others)
  A bush (Lair:3)
  26 fungi
  51 plants
78 creatures vanquished.

Grand Total: 431 creatures vanquished

Notes
Turn   | Place    | Note
-------+----------+-------------------------------------------
     0 | D:1      | nicolae the Human Ice Elementalist began the quest for the
                  | Orb.
     0 | D:1      | Reached XP level 1. HP: 13/13 MP: 3/3
   179 | D:1      | You fall into a shaft and drop 1 floor!
   223 | D:1      | Reached XP level 2. HP: 17/19 MP: 3/5
   767 | D:1      | Reached XP level 3. HP: 24/24 MP: 4/6
   831 | D:1      | Learned a level 3 spell: Frozen Ramparts
   939 | D:2      | Reached skill level 5 in Ice Magic
  1525 | D:2      | Noticed Jessica
  1532 | D:2      | Killed Jessica
  1533 | D:2      | Reached XP level 4. HP: 27/30 MP: 2/7
  1604 | D:2      | Noticed Natasha
  1611 | D:2      | Killed Natasha
  1728 | D:2      | Noticed Terence
  1732 | D:2      | Killed Terence
  1733 | D:2      | Reached skill level 6 in Ice Magic
  1733 | D:2      | Reached XP level 5. HP: 35/35 MP: 1/8
  1950 | D:2      | Noticed Natasha
  1958 | D:2      | Killed Natasha
  1967 | D:2      | Noticed Natasha
  1989 | D:2      | Killed Natasha
  2298 | D:2      | Learned a level 3 spell: Ozocubu's Armour
  2418 | D:3      | Reached XP level 6. HP: 18/41 MP: 0/9
  2548 | D:3      | Reached skill level 7 in Ice Magic
  2667 | D:3      | Found a faded altar of an unknown god.
  3105 | D:3      | Found an ancient bone altar of Kikubaaqudgha.
  3224 | D:3      | Found Juipruo's Jewellery Emporium.
  3910 | D:4      | Reached XP level 7. HP: 46/46 MP: 10/10
  3951 | D:4      | Noticed Blork the orc
  3962 | D:4      | Killed Blork the orc
  4099 | D:4      | Reached skill level 8 in Ice Magic
  4306 | D:4      | Noticed Menkaure
  4313 | D:4      | Killed Menkaure
  4652 | D:4      | Learned a level 4 spell: Hailstorm
  4763 | D:5      | Entered Level 5 of the Dungeon
  4789 | D:5      | Reached XP level 8. HP: 36/52 MP: 2/13
  4790 | D:5      | Reached skill level 1 in Conjurations
  4808 | D:5      | Learned a level 4 spell: Dispel Undead
  5025 | D:5      | Noticed Eustachio
  5067 | D:5      | Killed Eustachio
  5068 | D:5      | Reached skill level 9 in Ice Magic
  5182 | D:5      | Noticed Ijyb
  5191 | D:5      | Killed Ijyb
  5547 | D:5      | Found a sparkling altar of Nemelex Xobeh.
  5828 | D:5      | Reached skill level 12 in Ice Magic
  5828 | D:5      | Reached XP level 9. HP: 57/57 MP: 15/15
  5829 | D:5      | Reached XP level 10. HP: 76/76 MP: 16/16
  6124 | D:6      | Found an ornate altar of the Wu Jian Council.
  6240 | D:6      | Gained mutation: You are dopey. (Int -2) [potion of
                  | mutation]
  6240 | D:6      | Gained mutation: You are strong-willed. (Will+) [potion of
                  | mutation]
  6241 | D:6      | Lost mutation: You are strong-willed. (Will+) [potion of
                  | mutation]
  6241 | D:6      | Lost mutation: You are dopey. (Int -2) [potion of mutation]
  6241 | D:6      | Gained mutation: You are dopey. (Int -2) [potion of
                  | mutation]
  6247 | D:6      | Reached skill level 1 in Necromancy
  6583 | D:6      | Found a shimmering altar of Xom.
  7263 | D:7      | Reached XP level 11. HP: 51/81 MP: 9/17
  7946 | D:7      | Found a hazy altar of Hepliaklqana.
  8291 | D:7      | Found a glowing silver altar of Zin.
  8632 | D:7      | Found a staircase to the Ecumenical Temple.
  8732 | Temple   | Entered the Ecumenical Temple
  9101 | Temple   | Became a worshipper of Vehumet
  9500 | D:8      | Noticed Maggie
  9511 | D:8      | Killed Maggie
  9818 | D:8      | Noticed Amaemon
  9855 | D:8      | Killed Amaemon
 10117 | D:8      | Lost mutation: You are dopey. (Int -2) [potion of mutation]
 10117 | D:8      | Gained mutation: You are agile. (Dex +4, Str/Int -1)
                  | [potion of mutation]
 10117 | D:8      | Gained mutation: You are frail. (-10% HP) [potion of
                  | mutation]
 10117 | D:8      | Gained mutation: You occasionally lose the ability to drink
                  | potions when taking damage. [potion of mutation]
 10117 | D:8      | Lost mutation: You are frail. (-10% HP) [potion of
                  | mutation]
 10304 | D:8      | Found a white marble altar of Elyvilon.
 10461 | D:9      | Reached * piety under Vehumet
 10461 | D:9      | Offered knowledge of Shock by Vehumet.
 10493 | D:9      | Noticed a two-headed ogre
 10503 | D:9      | Killed a two-headed ogre
 10504 | D:9      | Reached skill level 5 in Spellcasting
 10504 | D:9      | Reached skill level 10 in Conjurations
 10504 | D:9      | Reached skill level 5 in Necromancy
 10761 | D:9      | Reached skill level 1 in Evocations
 10820 | D:9      | Found a staircase to the Lair.
 10887 | D:9      | Learned a level 4 spell: Iskenderun's Mystic Blast
 11061 | D:9      | Found a snail-covered altar of Cheibriados.
 11085 | D:9      | Found an iron altar of Okawaru.
 11574 | D:9      | Found a staircase to the Orcish Mines.
 11632 | D:10     | Entered Level 10 of the Dungeon
 11712 | D:10     | Noticed a sixfirhy
 11866 | D:10     | Reached skill level 1 in Translocations
 12442 | D:10     | Noticed a two-headed ogre
 12450 | D:10     | Killed a two-headed ogre
 12451 | D:10     | Reached XP level 12. HP: 52/89 MP: 4/19
 12769 | D:10     | Found a blossoming altar of Fedhas.
 12770 | D:10     | Noticed Snorg
 12786 | D:10     | Killed Snorg
 13275 | D:10     | Noticed Fannar
 13294 | D:10     | Killed Fannar
 13681 | D:11     | Learned a level 1 spell: Shock
 13683 | D:11     | Noticed a boulder beetle
 14015 | D:11     | Reached ** piety under Vehumet
 14015 | D:11     | Offered knowledge of Magic Dart by Vehumet.
 14776 | D:11     | Killed a boulder beetle
 14934 | D:11     | Reached skill level 5 in Translocations
 15329 | Lair:1   | Entered Level 1 of the Lair of Beasts
 15475 | Lair:1   | Noticed Gastronok
 15497 | Lair:1   | Killed Gastronok
 15498 | Lair:1   | Reached XP level 13. HP: 75/99 MP: 13/20
 15572 | Lair:1   | Noticed a six-headed hydra
 15576 | Lair:1   | Reached skill level 5 in Evocations
 15580 | Lair:1   | Killed a six-headed hydra
 15783 | Lair:1   | Noticed a six-headed hydra
 15798 | Lair:1   | Killed a six-headed hydra
 16250 | Lair:1   | Offered knowledge of Stone Arrow by Vehumet.
 16371 | Lair:1   | Learned a level 3 spell: Stone Arrow
 16476 | Lair:2   | Reached *** piety under Vehumet
 16492 | Lair:2   | Noticed a six-headed hydra
 16493 | Lair:2   | Reached skill level 1 in Earth Magic
 16504 | Lair:2   | Killed a six-headed hydra
 16630 | Lair:2   | Found a hole to the Spider Nest.
 16822 | Lair:2   | Offered knowledge of Ignite Poison by Vehumet.
 18049 | Lair:2   | Learned a level 2 spell: Blink
 18801 | Lair:3   | Found a staircase to the Shoals.
 18989 | Lair:3   | Reached XP level 14. HP: 59/106 MP: 4/24
 18999 | Lair:3   | Reached skill level 5 in Earth Magic
 19151 | Lair:3   | Paralysed by a centaur for 4 turns
 19157 | Lair:3   | Paralysed by a centaur for 5 turns
 19187 | Lair:3   | Reached **** piety under Vehumet
 19221 | Lair:3   | Offered knowledge of Flame Wave by Vehumet.
 19383 | Lair:3   | Reached skill level 1 in Maces & Flails
 19427 | Lair:2   | Slain by a death yak

Illustrated notes

Levels and vault maps discovered:
D:1:      wheals_arrival_linesprint, layout_rooms
D:2:      layout_loops_ring, grunt_ministairs_3, uniq_jessica, uniq_terence,
          uniq_natasha
D:3:      layout_basic, amcnicky_altar_gilded,
          shapermc_ecumenical_altar_acropolis, serial_shops, shop
D:4:      kennysheep_slugbush, layout_basic, uniq_menkaure, uniq_blork_the_orc
D:5:      layout_rooms, nemelex_spade_bored_becter, feat_on_display, uniq_ijyb,
          uniq_eustachio
D:6:      layout_loops_ring, mainiacjoe_overflow_paths,
          nicolae_wu_jian_wuxing_cycle, minmay_misc_feat_square,
          grunt_ministairs_13, nicolae_lava_and_water
D:7:      layout_basic, nicolae_hepliaklqana_hazy_memory, zin_statuary,
          minmay_temple_entry_hall, kennysheep_generic_room_13
D:8:      layout_cave_pools, nicolae_elyvilon_temple_path, nicolae_eternal_life,
          skrybe_limestone_x, uniq_amaemon, uniq_maggie
D:9:      layout_stronghold, okawaru_trees_1, slow_altar_1,
          grunt_lair_entry_orc_guard_hut, orc_0_dummy, minmay_unpleasant_kobolds
D:10:     layout_roguey, fedhas_altar_3, roderic_roman_lattice, st_stairs_8,
          uniq_fannar, uniq_snorg
D:11:     layout_basic
Temple:   hc_temple_tempest_star
Lair:1:   layout_roguey, uniq_gastronok
Lair:2:   layout_long_grid, spider_nest_entry_rubble,
          nicolae_lair_grove_arrangements, beast_lair_carwin_3
Lair:3:   layout_concentric_octagons, minmay_shoals_entry_centaurs,
          grunt_forest_large_clearings, infiniplex_staircase_pool_2

Skill      XL: |  1  2  3  4  5  6  7  8  9 10 11 12 13 14 |
---------------+-------------------------------------------+-----
Ice Magic      | 5 6 7 8 12 | 12.4
Spellcasting   | 3 4 5 6 8 |  8.0
Conjurations   | 9 10 | 10.0
Fighting       | 6 8 9 |  9.0
Dodging        | 6 7 8 9 |  9.0
Necromancy     | 2 5 7 |  7.0
Evocations     | 2 4 5 |  5.7
Translocations | 1 5 |  5.0
Earth Magic    | 4 5 |  5.0
Maces & Flails | 1 |  1.3
Stealth        | |  2.0

Action                   |  1- 3 |  4- 6 |  7- 9 | 10-12 | 13-15 || total
-------------------------+-------+-------+-------+-------+-------++-------
Melee: Unarmed           |     5 |       |       |       |       ||     5
       Hand axe          |     7 |     4 |       |       |       ||    11
       Trident           |       |    59 |    70 |   240 |    89 ||   458
       Punch             |       |     1 |     3 |     1 |     4 ||     9
       Demon whip        |       |       |       |       |   141 ||   141
Throw: Dart              |       |     4 |     4 |    17 |       ||    25
       Boomerang         |       |       |       |    14 |       ||    14
 Cast: Freeze            |    38 |    34 |    33 |   121 |   105 ||   331
       Frozen Ramparts   |       |    10 |    11 |    49 |    32 ||   102
       Hailstorm         |       |       |     1 |    13 |       ||    14
       Ozocubu's Armour  |       |       |     1 |    12 |     8 ||    21
       Iskenderun's Myst |       |       |       |    11 |    17 ||    28
       Dispel Undead     |       |       |       |     6 |       ||     6
       Stone Arrow       |       |       |       |       |    30 ||    30
Evoke: Wand              |       |       |       |    12 |     3 ||    15
  Use: Potion            |     1 |       |     2 |     8 |     1 ||    12
       Scroll            |     2 |       |     6 |    17 |     5 ||    30
 Stab: Sleeping          |     1 |     2 |     4 |     2 |     1 ||    10
       Distracted        |       |       |       |     1 |     1 ||     2
Armor: Robe              |    14 |    33 |    35 |    83 |       ||   165
       Troll leather arm |       |       |       |    34 |   173 ||   207
Dodge: Dodged            |    31 |    93 |   100 |   432 |   549 ||  1205
       Repelled          |       |       |       |     5 |     1 ||     6

Table legend: (Time is in decaauts)
 A = Elapsed time spent in this place.
 B = Non-inter-level travel time spent in this place.
 C = Inter-level travel time spent in this place.
 D = Time resting spent in this place.
 E = Time spent auto-exploring this place.
 F = Levels seen in this place.
 G = Mean time per level.
                   A        B        C        D        E       F      G
               +--------+--------+--------+--------+--------+-----+--------+
         Total |  19681 |  19051 |    630 |   6458 |   9203 |  15 | 1312.1 |
       Dungeon |  15224 |  14804 |    420 |   5111 |   7340 |  11 | 1384.0 |
        Temple |    409 |    359 |     50 |      0 |    344 |   1 |  409.0 |
          Lair |   4047 |   3887 |    160 |   1347 |   1518 |   3 | 1349.0 |
               +--------+--------+--------+--------+--------+-----+--------+

Top non-repeatable levels by time:
    D:10: 2093 daAuts
  Lair:2: 2016 daAuts
     D:7: 1833 daAuts
    D:11: 1652 daAuts
     D:2: 1509 daAuts
     D:9: 1359 daAuts
     D:8: 1267 daAuts
     D:3: 1250 daAuts
     D:4: 1242 daAuts
     D:5: 1111 daAuts
     D:6: 1091 daAuts
  Lair:1: 1043 daAuts
  Lair:3: 988 daAuts
     D:1: 811 daAuts
  Temple: 409 daAuts
